 Dungeon Crawl Stone Soup version 0.30-a0-953-g5f1da4a474 (webtiles) character file.

Game seed: 9185495096646979848

23547 Rocko1345 the Covert (level 13, -17/90 HPs)
             Began as a Human Artificer on Mar 22, 2023.
             Was an Elder of Nemelex Xobeh.
             Demolished by a death knight
             ... wielding a +3 heavy broad axe
              (40 damage)
             ... on level 14 of the Dungeon on Mar 29, 2023.
             The game lasted 00:51:26 (15111 turns).

Rocko1345 the Covert (Human Artificer)             Turns: 15111, Time: 00:51:27

Health: -17/90     AC: 14    Str: 19    XL:     13   Next: 36%
Magic:  18/18      EV: 12    Int: 17    God:    Nemelex Xobeh [****..]
Gold:   693        SH: 11    Dex: 20    Spells: 12/12 levels left

rFire   . . .      SeeInvis .    T - +5 long sword of Fate {distort, rC+++ Str+3 Int+5 Dex-3}
rCold   + + +      Faith    .    c - +0 kite shield
rNeg    . . .      Spirit   .    A - +3 ring mail
rPois   +          Reflect  .    M - +2 helmet
rElec   .          Rampage  .    V - +0 cloak
rCorr   .                        G - +0 pair of gloves
Will    .....                    (no boots)
Stlth   +++++                    j - amulet of the acrobat
HPRegen 0.35/turn                i - +6 ring of dexterity
MPRegen 0.16/turn                o - ring of poison resistance

@: no status effects
A: camouflage 1, frail 1, strong 1
a: Renounce Religion, Draw Escape, Draw Destruction, Draw Summoning, Triple
Draw, Deal Four


You were on level 14 of the Dungeon.
You worshipped Nemelex Xobeh.
Nemelex Xobeh was greatly pleased with you.
You visited 2 branches of the dungeon, and saw 14 of its levels.

You collected 693 gold pieces.

Inventory:

Hand Weapons
 a - a +0 club
 f - a +3 short sword of venom
 y - a +3 rapier of draining
 J - a +2 great sword
 L - a +4 battleaxe
 S - a +2 shortbow of electrocution
 T - the +5 long sword of Fate (weapon) {distort, rC+++ Str+3 Int+5 Dex-3}
   (You took it off a kobold on level 10 of the Dungeon)

   Str:       It affects your strength (+3).
   Int:       It affects your intelligence (+5).
   Dex:       It affects your dexterity (-3).
   rC:        It renders you almost immune to cold.
Missiles
 w - 10 boomerangs
 I - a silver boomerang
 Y - 2 throwing nets
Armour
 b - a +0 leather armour
 c - a +0 kite shield (worn)
 l - a +0 ring mail
 u - the +1 ring mail of Parlour Games {-Tele rPois Int+6}
   (You found it on level 2 of the Dungeon)

   Int:       It affects your intelligence (+6).
   rPois:     It protects you from poison.
   -Tele:     It prevents most forms of teleportation.
 z - +0 steam dragon scales
 A - a +3 ring mail (worn)
 G - a +0 pair of gloves (worn)
 K - an orb of mayhem
 M - a +2 helmet (worn)
 V - a +0 cloak (worn)
Jewellery
 h - a ring of see invisible
 i - a +6 ring of dexterity (left hand)
 j - an amulet of the acrobat (around neck)
 k - a ring of protection from cold
 o - a ring of poison resistance (right hand)
 x - a ring of flight
 D - a +6 ring of dexterity
 H - an amulet of reflection
 X - a ring of ice
Wands
 d - a wand of charming (11)
 e - a wand of iceblast (7)
 U - a wand of digging (7)
Scrolls
 p - a scroll of amnesia
 q - 2 scrolls of vulnerability
 r - 4 scrolls of teleportation
 t - 3 scrolls of brand weapon
 E - 2 scrolls of fear {unknown}
 N - 2 scrolls of enchant armour {unknown}
 O - 2 scrolls of poison {unknown}
 P - 7 scrolls of identify
 Q - a scroll of immolation
 R - a scroll of acquirement {unknown}
 W - a scroll of enchant weapon
 Z - a scroll of silence
Potions
 g - 5 potions of might
 m - 3 potions of degeneration {unknown}
 n - a potion of haste {unknown}
 s - a potion of brilliance
 v - 2 potions of berserk rage {unknown}
 C - 4 potions of attraction
 F - a potion of ambrosia {unknown}


   Skills:
 + Level 9.3 Fighting
 - Level 7.0(7.9) Short Blades
 + Level 5.5(7.2) Long Blades
 + Level 2.7 Ranged Weapons
 - Level 5.3 Armour
 - Level 5.4 Dodging
 + Level 10.1 Stealth
 - Level 5.0 Shields
 + Level 7.1 Invocations
 - Level 10.0 Evocations


You had 12 spell levels left.
You didn't know any spells.
Your spell library contained the following spells:

 Spells                   Type           Power      Damage    Failure   Level
 Freeze                   Ice            0%         1d3       73%         1
 Call Canine Familiar     Summ           0%         N/A       97%         3
 Dazzling Flash           Conj/Hex       0%         N/A       97%         3
 Frozen Ramparts          Ice            0%         1d1       97%         3
 Hailstorm                Conj/Ice       0%         3d3       97%         3
 Ozocubu's Armour         Ice            0%         N/A       97%         3
 Portal Projectile        Hex/Tloc       0%         N/A       97%         3
 Airstrike                Air            0%         2d(0-16)  100%        4
 Iskenderun's Mystic Bla  Conj/Tloc      0%         2d3       100%        4
 Leda's Liquefaction      Hex/Erth       0%         N/A       100%        4
 Summon Lightning Spire   Summ/Air       0%         N/A       100%        4
 Metabolic Englaciation   Hex/Ice        0%         N/A       100%        5
 Plasma Beam              Fire/Air       0%         2x1d7     100%        5
 Simulacrum               Ice/Necr       0%         N/A       100%        6
 Starburst                Conj/Fire      0%         6d3       100%        6


Dungeon Overview and Level Annotations

Branches:
Dungeon (14/15)            Temple (1/1) D:4            Lair (0/5) D:10
    Orc (0/2) D:10
 Vaults: D:13-14

Altars:
Ashenzari
Cheibriados
Dithmenos
Elyvilon
Fedhas
Gozag
Hepliaklqana
Kikubaaqudgha
Makhleb
Nemelex Xobeh
Okawaru
Qazlal
Ru
Sif Muna
Trog
Uskayaw
Vehumet
Wu Jian
Xom
Yredelemnul
Zin
The Shining One

Shops:
D:12 *


Innate Abilities, Weirdness & Mutations

Your skin changes colour to match your surroundings (Stealth+).
You are frail. (-10% HP)
Your muscles are strong. (Str +4, Int/Dex -1)


Message History

The sea snake is heavily wounded.
The centaur warrior shoots an arrow.
You block the arrow.
The sea snake bites you but does no damage.
The skeletal warrior closely misses you.
You slash the sea snake!
Space warps around the sea snake.
The sea snake is almost dead.
The centaur warrior shoots an arrow.
The arrow completely misses you. The death knight barely misses you.
The sea snake bites you.
You block the skeletal warrior's attack.
The centaur warrior shoots an arrow.
You block the arrow.
You slash the sea snake!
You kill the sea snake!
The centaur warrior shoots an arrow.
You block the arrow. The death knight barely misses you.
The skeletal warrior hits you but does no damage.
The centaur warrior shoots an arrow.
You block the arrow.
The skeletal warrior attacks as you move away!
The skeletal warrior hits you with a +0 dire flail!
* * * LOW HITPOINT WARNING * * *
The centaur warrior shoots an arrow.
You block the arrow.
The death knight offers itself to Yredelemnul, and fills with unholy energy.
You draw a card...
You have drawn Vitriol.
Press: ? - help, Shift-Dir - straight line, f - skeletal warrior
Aim: a skeletal warrior, wielding a +0 dire flail (moderately damaged)
The bolt of acid hits the skeletal warrior!!
The skeletal warrior is severely damaged.
You block the skeletal warrior's attack.
You hit the skeletal warrior but do no damage.
Space warps horribly around the skeletal warrior!!
The skeletal warrior is almost destroyed.
The skeletal warrior barely misses you. You block the death knight's attack.
You slash the skeletal warrior!
You destroy the skeletal warrior!
The centaur warrior unwields a +0 longbow.
The centaur warrior hits you but does no damage.
The centaur warrior kicks you but does no damage.
The death knight hits you with a +3 heavy broad axe!!!
You die...
Your body glows with a rainbow of weird colours and disappears.

...#.# #. #...#.# #
#.. #...#.#.##
..###c..#.#.##
........#.#.## # #
#...#...#.#.# #. #.
#..##ยง..#.#####.#
#..###.###...#.#.#.#.
#...@c........#.#.#..
#.)..p.........#.#...
###############...###
#..## #.## #.# #.####
#....# #....#


You could see a death knight (reflects damage) and a centaur warrior.

Vanquished Creatures
  A ghost moth (D:14)
  Harold (D:11)
  A hydra (D:14)
  A rakshasa (D:12)
  5 two-headed ogres
  A skeletal warrior (D:14)
  A sea snake (D:14)
  2 orc knights
  2 manticores
  6 ugly things
  Maggie (D:10)
  2 trolls
  A hornet (D:8)
  A slime creature (D:12)
  2 shadows
  3 wraiths
  A wyvern (D:10)
  21 yaks
  A hog (shapeshifter) (D:14)
  3 vampire mosquitoes (D:11)
  A steam dragon (D:7)
  2 acid dragons
  A water moccasin (D:6)
  6 orc warriors
  3 black bears
  2 ice beasts
  2 ogres
  2 centaurs (D:9)
  Blork the orc (D:7)
  A kobold brigand (D:10)
  2 gnoll sergeants (D:7)
  2 scorpions (D:4)
  4 wights (D:8)
  12 killer bees
  4 crimson imps (D:8)
  3 hounds
  2 jellies
  9 orc priests
  A gnoll bouda (D:6)
  4 iguanas
  3 sleepcaps
  7 orc wizards
  10 gnolls
  6 adders
  An ufetubus (D:7)
  A worm (D:2)
  5 dart slugs
  50 orcs
  13 ball pythons
  5 bats
  8 endoplasms
  3 giant cockroaches
  7 goblins
  8 hobgoblins
  3 jackals (D:4)
  3 quokkas
  A frilled lizard (D:1)
  11 kobolds
  12 rats
278 creatures vanquished.

Vanquished Creatures (collateral kills)
  A gargoyle (D:14)
  Grinder (D:6)
  2 yaks (D:10)
  An ogre (D:6)
  A centaur (D:7)
  A phantom (D:6)
  A gnoll sergeant (D:11)
  2 killer bees (D:7)
  An orc priest (D:6)
  4 gnolls
  4 orcs
19 creatures vanquished.

Vanquished Creatures (others)
  A gnoll sergeant (D:9)
  An ufetubus (D:7)
  A plant (D:2)
3 creatures vanquished.

Grand Total: 300 creatures vanquished

Notes
Turn   | Place    | Note
-------+----------+-------------------------------------------
     0 | D:1      | Rocko1345 the Human Artificer began the quest for the Orb.
     0 | D:1      | Reached XP level 1. HP: 15/15 MP: 1/1
     2 | D:1      | Noticed a naga
     2 | D:1      | Noticed an armataur
     4 | D:1      | Noticed a vampire
     4 | D:1      | Noticed a spriggan
     6 | D:1      | Noticed a draconian
     6 | D:1      | Noticed a vine stalker
     8 | D:1      | Noticed a minotaur
     8 | D:1      | Noticed a tengu
    10 | D:1      | Noticed a formicid
    12 | D:1      | Noticed a meteoran
    12 | D:1      | Noticed a demonspawn
    14 | D:1      | Noticed a felid
    14 | D:1      | Noticed a gargoyle
    16 | D:1      | Noticed an elf
    16 | D:1      | Noticed a merfolk
    18 | D:1      | Noticed an ogre
    18 | D:1      | Noticed an octopode
    20 | D:1      | Noticed a demigod
    22 | D:1      | Noticed a human
    22 | D:1      | Noticed a ghoul
    26 | D:1      | Noticed a troll
    26 | D:1      | Noticed a demonspawn
    28 | D:1      | Noticed an armataur
    28 | D:1      | Noticed an armataur
   118 | D:1      | Reached XP level 2. HP: 21/21 MP: 2/2
   600 | D:1      | Reached XP level 3. HP: 26/26 MP: 3/3
   877 | D:2      | Identified the +1 ring mail of Parlour Games {-Tele rPois
                  | Int+6}
   914 | D:2      | Found a bloodstained altar of Trog.
  1022 | D:2      | Found a faded altar of an unknown god.
  1176 | D:2      | Reached XP level 4. HP: 30/32 MP: 4/4
  1451 | D:3      | Found a sacrificial altar of Ru.
  1797 | D:3      | Reached XP level 5. HP: 12/38 MP: 5/5
  1992 | D:4      | Found a staircase to the Ecumenical Temple.
  2010 | Temple   | Entered the Ecumenical Temple
  2010 | Temple   | Found a transporter.
  2010 | Temple   | Found a transporter.
  2012 | Temple   | Found a transporter.
  2012 | Temple   | Found a transporter.
  2129 | D:4      | Found a burning altar of Makhleb.
  2339 | D:4      | Noticed a black bear
  2344 | D:4      | Killed a black bear
  2345 | D:4      | Reached skill level 1 in Short Blades
  2345 | D:4      | Reached XP level 6. HP: 44/44 MP: 6/6
  2451 | D:4      | Found a shadowy altar of Dithmenos.
  2734 | D:4      | Found a bloodstained altar of Trog.
  2892 | D:4      | Found an ornate altar of the Wu Jian Council.
  2923 | D:4      | Found a sparkling altar of Nemelex Xobeh.
  2934 | D:4      | Became a worshipper of Nemelex Xobeh the Trickster
  3384 | D:4      | Reached XP level 7. HP: 51/51 MP: 7/7
  3532 | D:4      | Reached skill level 5 in Evocations
  4011 | D:4      | Gained mutation: You have a somewhat thin skeletal
                  | structure. (Dex +2, Stealth+) [potion of mutation]
  4178 | D:5      | Entered Level 5 of the Dungeon
  4613 | D:5      | Reached * piety under Nemelex Xobeh
  4673 | D:5      | Received a gift from Nemelex Xobeh
  4927 | D:5      | Reached XP level 8. HP: 43/58 MP: 8/8
  5050 | D:6      | Noticed Grinder
  5278 | D:6      | Killed Grinder
  5748 | D:6      | Reached XP level 9. HP: 64/65 MP: 9/9
  6138 | D:7      | Reached skill level 5 in Armour
  6247 | D:7      | Reached skill level 5 in Stealth
  6400 | D:7      | Noticed Blork the orc
  6408 | D:7      | Killed Blork the orc
  6464 | D:7      | Reached skill level 5 in Fighting
  6464 | D:7      | Reached XP level 10. HP: 59/74 MP: 10/10
  6482 | D:6      | Identified the -1 hand axe "Yrukul Waemn" {flame, *Rage
                  | rN+++ Str+4}
  6727 | D:7      | Lost mutation: You have a somewhat thin skeletal structure.
                  | (Dex +2, Stealth+) [potion of mutation]
  6727 | D:7      | Gained mutation: Your skin changes colour to match your
                  | surroundings (Stealth+). [potion of mutation]
  6727 | D:7      | Gained mutation: You are frail. (-10% HP) [potion of
                  | mutation]
  6727 | D:7      | Gained mutation: Your muscles are strong. (Str +4, Int/Dex
                  | -1) [potion of mutation]
  6835 | D:7      | Reached skill level 5 in Dodging
  6931 | D:7      | Reached ** piety under Nemelex Xobeh
  7106 | D:8      | Found a glowing golden altar of the Shining One.
  7178 | D:8      | Reached skill level 1 in Shields
  7365 | D:8      | Found a shimmering altar of Xom.
  7675 | D:8      | Reached skill level 5 in Short Blades
  8612 | D:9      | Found a hazy altar of Hepliaklqana.
  8798 | D:9      | Reached XP level 11. HP: 45/72 MP: 11/11
  8974 | D:10     | Entered Level 10 of the Dungeon
  9002 | D:10     | Received a gift from Nemelex Xobeh
  9189 | D:10     | Noticed an orc knight
  9189 | D:10     | Noticed an orc knight
  9294 | D:10     | Killed an orc knight
  9300 | D:10     | Found a staircase to the Orcish Mines.
  9317 | D:10     | Reached skill level 1 in Invocations
  9333 | D:9      | HP: 2/70 [orc knight/+0 great mace (25)]
  9338 | D:9      | Killed an orc knight
  9577 | D:10     | Reached *** piety under Nemelex Xobeh
  9602 | D:10     | Noticed a two-headed ogre
  9611 | D:10     | Killed a two-headed ogre
  9998 | D:10     | Found a staircase to the Lair.
 10017 | D:10     | Noticed a two-headed ogre
 10020 | D:10     | Killed a two-headed ogre
 10053 | D:10     | Identified the +5 long sword of Fate {distort, rC+++ Str+3
                  | Int+5 Dex-3}
 10251 | D:10     | Noticed Maggie
 10270 | D:10     | Killed Maggie
 10396 | D:10     | Reached skill level 5 in Shields
 10882 | D:11     | Reached XP level 12. HP: 59/81 MP: 14/14
 10957 | D:11     | Noticed a two-headed ogre
 10962 | D:11     | Killed a two-headed ogre
 10963 | D:11     | Reached skill level 1 in Long Blades
 11070 | D:11     | Identified the +1 plate armour of the Iron City of Dis
                  | {Dex+4 Stlth+}
 11549 | D:11     | Noticed Harold
 11565 | D:11     | Killed Harold
 11566 | D:11     | Reached skill level 10 in Evocations
 11822 | D:11     | Received a gift from Nemelex Xobeh
 12097 | D:11     | Reached **** piety under Nemelex Xobeh
 12346 | D:12     | Noticed a two-headed ogre
 12421 | D:12     | Found Fephepru's Neck Hole.
 12436 | D:12     | Reached skill level 5 in Invocations
 12593 | D:12     | Killed a two-headed ogre
 12713 | D:12     | Noticed a two-headed ogre
 12730 | D:12     | Killed a two-headed ogre
 13185 | D:12     | Noticed a rakshasa
 13244 | D:12     | Killed a rakshasa
 13469 | D:12     | You fall into a shaft and drop 2 floors!
 13619 | D:14     | Noticed a five-headed hydra
 13626 | D:14     | Upgraded the game from 0.30-a0-924-g0ad0bf95bc to
                  | 0.30-a0-953-g5f1da4a474
 13656 | D:14     | a five-headed hydra changed into something unseen
 13665 | D:14     | Killed a ghost moth
 13824 | D:14     | Noticed a fire dragon
 13871 | D:14     | Banished a fire dragon
 13872 | D:14     | Reached XP level 13. HP: 67/90 MP: 17/17
 14006 | D:14     | Noticed a six-headed hydra
 14022 | D:14     | Killed a six-headed hydra
 14205 | D:14     | Reached skill level 1 in Ranged Weapons
 14484 | D:14     | Reached skill level 5 in Long Blades
 14514 | D:14     | Reached skill level 10 in Stealth
 14875 | D:14     | Noticed a centaur warrior
 15101 | D:14     | Noticed a centaur warrior
 15111 | D:14     | Demolished by a death knight

Illustrated notes

Levels and vault maps discovered:
D:1:      kb_arrival_jail, layout_basic
D:2:      layout_basic, shapermc_ecumenical_altar_acropolis, basic_altar,
          grunt_ministairs_1, minmay_tiny_reverse_x
D:3:      layout_rooms, mainiacjoe_overflow_tiny_flanked, minmay_between
D:4:      minmay_thinvault, layout_basic, overflow_temple_1_default,
          lemuel_round_altar, mainiacjoe_overflow_two_lobes,
          mainiacjoe_overflow_24_doors, temple_fountains,
          chequers_decorated_corner, hangedman_glass_teeth
D:5:      layout_basic, hellmonk_no_cap
D:6:      layout_rooms, uniq_grinder
D:7:      layout_rooms, glass_columns_a, sword_in_stone
D:8:      layout_loops_ring, general_overflow_altar, led_xom_imps
D:9:      layout_gridville, mainiacjoe_overflow_alcove_1
D:10:     wander_river, layout_small_grid, lair_entry_dummy, david_orc_5,
          uniq_maggie
D:11:     layout_loops_corners, uniq_harold
D:12:     layout_basic, gauntlet_entry_generic,
          nicolae_shop_sticking_my_neck_out
D:14:     evilmike_diamond_2, layout_basic, hangedman_decor_lopped
Temple:   hellmonk_temple_divided_pantheon

Skill      XL: |  1  2  3  4  5  6  7  8  9 10 11 12 13 |
---------------+----------------------------------------+-----
Dodging        | 2 3 4 5 |  5.4
Stealth        | 2 3 4 5 6 8 9 10 | 10.1
Fighting       | 2 3 5 6 7 8 9 |  9.3
Evocations     | 4 5 6 7 8 9 10 | 10.0
Short Blades   | 1 2 3 4 5 7 |  7.0
Armour         | 3 4 5 |  5.3
Shields        | 3 5 |  5.0
Invocations    | 3 6 7 |  7.1
Long Blades    | 4 5 |  5.5
Ranged Weapons | 2 |  2.7

Action                     |  1- 3 |  4- 6 |  7- 9 | 10-12 | 13-15 || total
---------------------------+-------+-------+-------+-------+-------++-------
  Melee: Short sword       |    76 |   104 |   124 |       |       ||   304
         Punch             |     1 |     2 |       |       |       ||     3
         Rapier            |       |       |    96 |   422 |       ||   518
         Long sword        |       |       |       |   188 |    63 ||   251
   Fire: Shortbow          |       |       |       |       |    14 ||    14
  Throw: Boomerang         |       |       |       |    16 |       ||    16
         Throwing net      |       |       |       |     1 |       ||     1
 Invoke: Draw Escape       |       |       |     4 |     5 |       ||     9
         Draw Destruction  |       |       |     2 |     3 |     4 ||     9
         Draw Summoning    |       |       |     1 |     5 |     1 ||     7
         Deal Four         |       |       |       |     1 |       ||     1
  Evoke: Wand              |     5 |    20 |    19 |    34 |     1 ||    79
    Use: Scroll            |     3 |     3 |     9 |     8 |       ||    23
         Potion            |       |     1 |     2 |     6 |     2 ||    11
   Stab: Sleeping          |     2 |       |     5 |     8 |     1 ||    16
         Distracted        |       |     1 |     2 |       |       ||     3
         Paralysed         |       |       |       |    15 |     3 ||    18
 Armour: Ring mail         |    24 |    37 |   120 |   187 |    12 ||   380
         Leather armour    |     2 |       |       |       |       ||     2
         Skin              |       |       |     1 |       |       ||     1
  Dodge: Dodged            |    41 |    59 |   245 |   315 |    22 ||   682
  Block: Kite shield       |       |       |       |   321 |    33 ||   354

Table legend: (Time is in decaauts)
 A = Elapsed time spent in this place.
 B = Non-inter-level travel time spent in this place.
 C = Inter-level travel time spent in this place.
 D = Time resting spent in this place.
 E = Time spent auto-exploring this place.
 F = Levels seen in this place.
 G = Mean time per level.
                   A        B        C        D        E       F      G
               +--------+--------+--------+--------+--------+-----+--------+
         Total |  15242 |  14830 |    412 |   4321 |   6660 |  14 | 1088.7 |
       Dungeon |  15170 |  14758 |    412 |   4321 |   6660 |  13 | 1166.9 |
        Temple |     71 |     71 |      0 |      0 |      0 |   1 |   71.0 |
               +--------+--------+--------+--------+--------+-----+--------+

Top non-repeatable levels by time:
     D:4: 2107 daAuts
    D:10: 1702 daAuts
    D:14: 1665 daAuts
    D:11: 1491 daAuts
    D:12: 1243 daAuts
     D:5: 1062 daAuts
     D:9: 1061 daAuts
     D:8: 993 daAuts
     D:7: 928 daAuts
     D:6: 927 daAuts
     D:1: 697 daAuts
     D:2: 662 daAuts
     D:3: 628 daAuts
  Temple: 71 daAuts
